 Dungeon Crawl Stone Soup version 0.21.1-1-g345015fe64 (webtiles) character file.

1538 Hat the Cleaver (level 8, 0/68 HPs)
             Began as a Deep Dwarf Berserker on Feb 27, 2018.
             Was a Follower of Trog.
             Slain by a hippogriff (5 damage)
             ... on level 8 of the Dungeon.
             The game lasted 00:27:24 (5306 turns).

Hat the Cleaver (Deep Dwarf Berserker)              Turns: 5306, Time: 00:27:25

Health: 0/68       AC:  8    Str: 24    XL:     8   Next: 56%
Magic:  0/8        EV:  9    Int:  7    God:    Trog [*.....]
Gold:   282        SH:  0    Dex: 12    Spells: 7/7 levels left

rFire    . . .     SeeInvis .   v - +0 war axe
rCold    . . .     Gourm    .   (no shield)
rNeg     + . .     Faith    .   u - +0 chain mail
rPois    .         Spirit   +   (no helmet)
rElec    .         Reflect  .   (no cloak)
rCorr    .         Harm     .   (no gloves)
MR       +....                  (no boots)
Stlth    ..........             j - amulet of guardian spirit
HPRegen  0.00/turn              f - ring of positive energy
MPRegen  0.11/turn              (no ring)

@: lethally poisoned (0 -> 0), non-regenerating
A: damage resistance, heal wounds, sense surroundings 1, no regeneration
a: Heal Wounds, Berserk, Burn Spellbooks, Renounce Religion


You were on level 8 of the Dungeon.
You worshipped Trog.
Trog was aware of your devotion.
You were very hungry.

You visited 2 branches of the dungeon, and saw 9 of its levels.

You collected 282 gold pieces.

Inventory:

Hand Weapons
 v - a +0 war axe (weapon)
Armour
 u - a +0 chain mail (worn)
Jewellery
 f - a ring of positive energy (left hand)
 j - an amulet of guardian spirit (around neck)
 l - an uncursed amulet of magic regeneration {unknown}
Scrolls
 d - 2 scrolls of remove curse
 e - 2 scrolls of magic mapping {unknown}
 g - 6 scrolls of teleportation
 i - 2 scrolls of fear {unknown}
 k - a scroll of immolation {unknown}
 m - 2 scrolls of amnesia
 n - 2 scrolls of enchant armour
 o - 3 scrolls of identify {unknown}
 t - 2 scrolls of fog {unknown}
 x - a scroll of random uselessness {unknown}
 y - a scroll of enchant weapon {unknown}
Potions
 a - a potion of brilliance {unknown}
 b - a potion of invisibility {unknown}
 h - 2 potions of lignification {unknown}
 p - a potion of berserk rage {unknown}
 q - a potion of heal wounds {unknown}
 r - a potion of agility
 s - a potion of flight {unknown}
 w - a potion of haste {unknown}
 z - a potion of mutation {unknown}
 A - a potion of curing {unknown}
Comestibles
 c - 12 rations


   Skills:
 - Level 2.6 Fighting
 * Level 12.0 Axes
 - Level 2.1 Armour
 - Level 2.1 Dodging


You had 7 spell levels left.
You didn't know any spells.

Dungeon Overview and Level Annotations

Branches:
Dungeon (8/15)             Temple (1/1) D:5
   Lair: D:8-11

Altars:
Ashenzari
Cheibriados
Dithmenos
Elyvilon
Fedhas
Hepliaklqana
Kikubaaqudgha
Makhleb
Nemelex Xobeh
Okawaru
Qazlal
Ru
Sif Muna
Trog
Uskayaw
Vehumet
Wu Jian
Xom
Yredelemnul
Zin

Shops:
D:5 }

Annotations:
D:3 VanClaymore's ghost, novice GrMo


Innate Abilities, Weirdness & Mutations

You are resistant to damage.
You can heal yourself by infusing magical energy.
You passively map a small area around you.
You do not regenerate.


Message History

The worker ant bites you.
You slash the worker ant!
You kill the worker ant!
Trog accepts your kill.
Your Axes skill increases to level 12!
Found a club.
Found 4 needles of sleeping.
You open the door.
Found a stone staircase leading down.
There is an open door here.
There is a stone staircase leading down here.
You climb downwards.
A hippogriff comes into view.
The hippogriff screeches!
Found a scroll of teleportation.
There is a stone staircase leading up here.
You slash the hippogriff!
The hippogriff is moderately wounded.
The hippogriff bites you.
You die...

, * * , *
, , * *,,
* ** * *
,, *#### *
* , , *
#.. ,, ,
,#H#######
* , *
,#@..?...#
*
#.#####.#
, ... *
##.#. , ,
..#.# ,
..# # #..
### *


You could see a hippogriff.

Vanquished Creatures
  Menkaure (D:5)
  A black bear (D:4)
  2 ogres (D:5)
  A centaur (D:7)
  A bullfrog (D:6)
  2 scorpions
  A howler monkey (D:4)
  A jelly (D:5)
  4 orc priests
  A centaur skeleton (D:5)
  2 hounds
  A bullfrog skeleton (D:5)
  Jessica (D:2)
  3 iguanas
  7 orc wizards
  5 worker ants
  3 hound skeletons
  8 adders
  An ooze (D:3)
  An adder skeleton (D:6)
  4 worms
  4 dart slugs
  4 leopard geckos
  15 orcs
  5 giant cockroaches
  7 goblins
  9 hobgoblins
  8 jackals
  8 kobolds
  2 quokkas
  2 ball pythons
  12 bats
  4 frilled lizards
  A quokka skeleton (D:5)
  5 rats
137 creatures vanquished.

Notes
Turn   | Place    | Note
-------+----------+-------------------------------------------
     0 | D:1      | Hat the Deep Dwarf Berserker began the quest for the Orb.
     0 | D:1      | Reached XP level 1. HP: 20/20 MP: 1/1
    91 | D:1      | Reached skill level 4 in Axes
    91 | D:1      | Reached XP level 2. HP: 17/27 MP: 2/2
   395 | D:1      | Reached XP level 3. HP: 10/33 MP: 3/3
   547 | D:1      | Reached ** piety under Trog
   795 | D:2      | Reached skill level 5 in Axes
   845 | D:2      | Reached XP level 4. HP: 32/40 MP: 4/4
   898 | D:2      | Noticed Jessica
   913 | D:2      | Killed Jessica
  1042 | D:2      | Found a blossoming altar of Fedhas.
  1108 | D:2      | Found a basalt altar of Yredelemnul.
  1148 | D:2      | Reached skill level 6 in Axes
  1345 | D:2      | Found a stormy altar of Qazlal.
  1419 | D:3      | Noticed VanClaymore's ghost (novice GrMo)
  1449 | D:3      | HP: 2/40 [VanClaymore's ghost (6)]
  1752 | D:4      | Reached XP level 5. HP: 29/46 MP: 0/5
  1981 | D:5      | Entered Level 5 of the Dungeon
  2363 | D:3      | Reached skill level 7 in Axes
  2513 | D:4      | Noticed a black bear
  2527 | D:4      | Reached XP level 6. HP: 16/55 MP: 0/6
  2539 | D:4      | Reached skill level 8 in Axes
  2599 | D:4      | Found a shadowy altar of Dithmenos.
  2771 | D:4      | Reached XP level 7. HP: 38/61 MP: 0/7
  2880 | D:4      | Reached skill level 9 in Axes
  3027 | D:4      | Found a hazy altar of Hepliaklqana.
  3070 | D:4      | Found a bloodstained altar of Trog.
  3659 | D:5      | Reached skill level 10 in Axes
  3770 | D:5      | Noticed Menkaure
  3789 | D:5      | Killed Menkaure
  3821 | D:5      | Reached XP level 8. HP: 42/68 MP: 0/8
  3945 | D:5      | Found a sacrificial altar of Ru.
  4002 | D:5      | Found Riafapipp's Gadget Shop.
  4026 | D:5      | Found a staircase to the Ecumenical Temple.
  4040 | Temple   | Entered the Ecumenical Temple
  4413 | D:6      | Reached skill level 11 in Axes
  5289 | D:7      | Reached skill level 12 in Axes
  5305 | D:8      | Noticed a hippogriff
  5306 | D:8      | Slain by a hippogriff

Skill      XL: |  1  2  3  4  5  6  7  8 |
---------------+-------------------------+-----
Axes           | 4 5 6 7 8 10 12 | 12.0
Fighting       | |  2.6
Armour         | |  2.1
Dodging        | |  2.1

Action                   |  1- 3 |  4- 6 |  7- 9 || total
-------------------------+-------+-------+-------++-------
Melee: Hand axe          |   133 |   273 |    50 ||   456
       War axe           |       |       |   202 ||   202
Invok: Trog's Hand       |     2 |    10 |    10 ||    22
  Use: Scroll            |       |       |     4 ||     4
  Eat: Chunk             |       |     7 |    11 ||    18
       Ration            |       |     1 |       ||     1
Armor: Animal skin       |     3 |       |       ||     3
       Ring mail         |    34 |       |       ||    34
       Scale mail        |     4 |    98 |     4 ||   106
       Chain mail        |       |       |   113 ||   113
Dodge: Dodged            |    80 |   130 |    99 ||   309
